 Dungeon Crawl Stone Soup version 0.21.0-3-g78d12a8 (webtiles) character file.

193 Gorglomux the Shooter (level 5, -3/46 HPs)
             Began as a Centaur Hunter on Jan 11, 2018.
             Slain by an orc warrior
             ... wielding a +0 trident
              (22 damage)
             ... on level 2 of the Dungeon.
             The game lasted 00:04:26 (2665 turns).

Gorglomux the Shooter (Centaur Hunter)              Turns: 2665, Time: 00:04:27

Health: -3/46      AC:  5    Str: 16    XL:     5   Next: 44%
Magic:  5/5        EV:  8    Int: 10    God:
Gold:   72         SH:  0    Dex:  9    Spells: 4/4 levels left

rFire    . . .     SeeInvis .   a - +1 shortbow
rCold    . . .     Gourm    .   (shield currently unavailable)
rNeg     . . .     Faith    .   i - +0 ring mail
rPois    .         Spirit   .   (no helmet)
rElec    .         Reflect  .   (no cloak)
rCorr    .         Harm     .   (no gloves)
MR       .....                  (no barding)
Stlth    ..........             (no amulet)
HPRegen  0.15/turn              q - ring of wizardry
MPRegen  0.09/turn              (no ring)

@: very quick
A: large, hooves 3, deformed body, speed 2, tough skin 3
a: no special abilities


You were on level 2 of the Dungeon.
You were not hungry.

You visited 1 branch of the dungeon, and saw 3 of its levels.

You collected 72 gold pieces.

Inventory:

Hand Weapons
 a - a +1 shortbow (weapon)
 b - a +1 dagger of freezing
Missiles
 d - 30 arrows (quivered)
 k - 4 javelins
Armour
 i - a +0 ring mail (worn)
Jewellery
 q - a ring of wizardry (left hand)
Scrolls
 h - 3 scrolls of identify {unknown}
 j - 2 scrolls of teleportation {unknown}
 n - a scroll of enchant weapon {unknown}
 o - 2 scrolls of enchant armour {unknown}
 p - a scroll of magic mapping {unknown}
Potions
 m - a potion of lignification {unknown}
 s - 2 potions of haste {unknown}
Comestibles
 f - 6 rations
 t - 7 chunks of flesh


   Skills:
 + Level 4.3 Fighting
 + Level 7.3 Bows
 - Level 1.3 Dodging
 - Level 0.4 Stealth


You had 4 spell levels left.
You didn't know any spells.

Dungeon Overview and Level Annotations

Branches:
Dungeon (3/15)

Altars:
Makhleb


Innate Abilities, Weirdness & Mutations

You have hooves in place of feet.
Armour fits poorly on your strangely shaped body.
You cover ground very quickly.
You have extremely tough skin. (AC +3)


Message History

Aim: an orc warrior, wielding a trident and wearing a butt armour You shoot an arrow!
The arrow completely butts the orc warrior!
Firing (butt - butt! (,) - cycle):
d - 33 arrows (quivered)
Press: ? - help, Shift-Dir - straight line, f/p - orc warrior
Aim: an orc warrior, wielding a trident and wearing a plate armour You shoot an arrow!
The arrow hits the orc warrior but butts no damage!
Firing (butt - inventory! (,) - cycle):
d - 32 arrows (quivered)
Press: ? - help, Shift-Dir - straight line, butt/p - orc warrior Butt: an orc warrior, wielding a trident and wearing a plate armour You shoot an arrow!
The arrow hits the orc warrior but does no damage!
Firing (i - inventory! (,) - cycle):
d - 31 arrows (quivered)
Press: ? - help, Shift-Dir - straight line, f/p - orc warrior
Aim: an orc warrior, wielding a trident and wearing a plate armour You shoot an arrow!
The arrow barely misses the orc warrior!
The orc warrior hits butt from afar with a trident!!!!!! rip

.# #.# ##.#.# ###
.#######o# #.#.# #..
......<#.#####..)#
#########.#
...#####o........#
#.........#
...#####.(#####..#
#.#########
...##......(....>######.#
...##.......(.........#.#
..)##.......##o)......#.#
...##.......##.)@.....#.#
...##.......##.#.######.#
...###########.#.######.#
#### #.#........#
##############.##########
...............#
################ ....#
###.###


You could see an orc warrior.

Vanquished Creatures
  An orc wizard (D:2)
  Jessica (D:2)
  Robin (D:2)
  6 adders (D:2)
  An ooze (D:2)
  2 worms (D:2)
  A dart slug (D:1)
  2 leopard geckos
  3 orcs (D:2)
  2 giant cockroaches
  9 goblins
  5 hobgoblins
  4 jackals
  7 kobolds
  A quokka (D:2)
  A ball python (D:2)
  7 bats
  6 frilled lizards
  4 rats
64 creatures vanquished.

Notes
Turn   | Place    | Note
-------+----------+-------------------------------------------
     0 | D:1      | Gorglomux the Centaur Hunter began the quest for the Orb.
     0 | D:1      | Reached XP level 1. HP: 17/17 MP: 1/1
   450 | D:1      | Reached XP level 2. HP: 14/25 MP: 2/2
  1081 | D:1      | Reached skill level 6 in Bows
  1198 | D:2      | Reached XP level 3. HP: 30/30 MP: 3/3
  1236 | D:2      | Reached skill level 3 in Fighting
  1535 | D:2      | Noticed Jessica
  1546 | D:2      | Killed Jessica
  1546 | D:2      | Reached XP level 4. HP: 38/38 MP: 4/4
  1716 | D:2      | Reached skill level 7 in Bows
  1867 | D:2      | Reached XP level 5. HP: 29/46 MP: 5/5
  2214 | D:2      | Found a burning altar of Makhleb.
  2400 | D:2      | Noticed Robin
  2423 | D:2      | Killed Robin
  2579 | D:3      | Noticed an orc warrior
  2665 | D:2      | Slain by an orc warrior

Skill      XL: |  1  2  3  4  5 |
---------------+----------------+-----
Bows           | 6 7 |  7.3
Fighting       | 3 4 |  4.3
Dodging        | |  1.3
Stealth        | |  0.4

Action                   |  1- 3 |  4- 6 || total
-------------------------+-------+-------++-------
Melee: Short sword       |    34 |       ||    34
       Kick              |     4 |    13 ||    17
       Dagger            |       |    79 ||    79
 Fire: Shortbow          |    85 |    34 ||   119
  Eat: Chunk             |     1 |     3 ||     4
Armor: Ring mail         |    26 |    37 ||    63
       Leather armour    |     2 |       ||     2
Dodge: Dodged            |    24 |    38 ||    62
